 Dungeon Crawl Stone Soup version 0.30-a0-385-gfebfb9b (webtiles) character file.

Game seed: 14567953711061535474

7924 BarneyGumball the Basher (level 11, -16/56 HPs)
             Began as a Vine Stalker Fighter on Dec 2, 2022.
             Was a Priest of Okawaru.
             Hit by a large rock thrown by a cyclops (31 damage)
             ... on level 10 of the Dungeon.
             The game lasted 00:34:42 (7966 turns).

BarneyGumball the Basher (Vine Stalker Fighter)     Turns: 7966, Time: 00:34:43

Health: -16/56     AC: 20    Str: 28    XL:     11   Next: 22%
Magic:  0/12       EV:  8    Int:  8    God:    Okawaru [***...]
Gold:   722        SH:  5    Dex: 16    Spells: 10/10 levels left

rFire   + . .      SeeInvis .    H - +0 broad axe
rCold   + . .      Faith    .    c - +0 buckler
rNeg    . . .      Spirit   +    s - +3 chain mail of Shielding {-Cast Str+5 Dex+2}
rPois   .          Reflect  .    d - +2 helmet
rElec   .          Harm     .    G - scarf {rC+ rF+}
rCorr   .          Rampage  .    (no gloves)
Will    +....      NoCast   +    l - +2 pair of boots
Stlth   ..........               (no amulet)
HPRegen 1.09/turn                C - +4 ring of slaying
MPRegen 0.13/turn                (no ring)

@: no status effects
A: fangs 3, regeneration 1, magic shield, antimagic bite, no potion heal 2
a: Renounce Religion, Heroism


You were on level 10 of the Dungeon.
You worshipped Okawaru.
Okawaru was most pleased with you.
You visited 2 branches of the dungeon, and saw 11 of its levels.

You collected 722 gold pieces.

Inventory:

Hand Weapons
 a - a +0 war axe
 w - a +3 flail of holy wrath
 H - a +0 broad axe (weapon)
Armour
 c - a +0 buckler (worn)
 d - a +2 helmet (worn)
 l - a +2 pair of boots (worn)
 s - the +3 chain mail of Shielding (worn) {-Cast Str+5 Dex+2}
   (You found it on level 4 of the Dungeon)

   Str:       It affects your strength (+5).
   Dex:       It affects your dexterity (+2).
   -Cast:     It prevents spellcasting.
 E - a +0 kite shield
 G - a scarf of resistance (worn)
Jewellery
 C - a +4 ring of slaying (left hand)
Wands
 b - a wand of mindburst (8)
 o - a wand of flame (29)
 A - a wand of light (10)
Scrolls
 g - 2 scrolls of amnesia {unknown}
 k - 2 scrolls of magic mapping {unknown}
 m - 2 scrolls of torment {unknown}
 n - 4 scrolls of teleportation
 p - 4 scrolls of fear
 q - 2 scrolls of noise {unknown}
 r - 4 scrolls of immolation {unknown}
 u - a scroll of summoning {unknown}
 v - a scroll of enchant weapon {unknown}
 x - a scroll of enchant armour {unknown}
 y - a scroll of poison {unknown}
 B - a scroll of blinking {unknown}
 F - a scroll of vulnerability {unknown}
Potions
 e - a potion of haste
 f - 2 potions of attraction
 h - 3 potions of invisibility
 i - a potion of magic
 j - 5 potions of flight
 t - a potion of mutation
 z - a potion of heal wounds {unknown}
 D - a potion of might
 I - 2 potions of curing


   Skills:
 - Level 5.2 Fighting
 * Level 7.0(9.6) Axes
 - Level 10.2(11.1) Maces & Flails
 + Level 7.1 Armour
 - Level 5.3 Shields


You had 10 spell levels left.
You didn't know any spells.
Your spell library contained the following spells:

 Spells                   Type           Power      Damage    Failure   Level
 Gell's Gravitas          Tloc           0%         N/A       100%        3
 Lesser Beckoning         Tloc           0%         N/A       100%        3
 Teleport Other           Tloc           0%         N/A       100%        3
 Alistair's Intoxication  Tmut/Pois      0%         N/A       100%        5
 Borgnjor's Vile Clutch   Necr/Erth      0%         N/A       100%        5
 Dispersal                Tloc           0%         N/A       100%        6
 Eringya's Noxious Bog    Tmut/Pois      0%         N/A       100%        6


Dungeon Overview and Level Annotations

Branches:
Dungeon (10/15)            Temple (1/1) D:7             Orc (0/2) D:9
   Lair: D:8-11

Altars:
Cheibriados
Elyvilon
Gozag
Kikubaaqudgha
Makhleb
Nemelex Xobeh
Okawaru
Qazlal
Ru
Trog
Uskayaw
Vehumet
Xom
The Shining One

Annotations:
D:5 1 runed translucent door, Crazy Yiuf
D:6 2 transporters, Rulkes's ghost, novice DrFE
D:7 6 exclusions


Innate Abilities, Weirdness & Mutations

You have razor-sharp teeth.
Your natural rate of healing is unusually fast.
When hurt, damage is shared between your health and your magic reserves.
Your bite disrupts and absorbs the magic of your enemies.
Potions cannot restore your health.


Message History

The cyclops resists with some effort.
Aiming: Mindburst
Press: ? - help, Shift-Dir - straight line, f/p - cyclops
Aim: a cyclops, quivering large rocks (heavily wounded, chance to affect: 47%)
The cyclops resists with some effort.
Aiming: Mindburst
Press: ? - help, Shift-Dir - straight line, f/p - cyclops
Aim: a cyclops, quivering large rocks (heavily wounded, chance to affect: 47%)
The cyclops resists with some effort.
Aiming: Mindburst
Press: ? - help, Shift-Dir - straight line, f/p - cyclops
Aim: a cyclops, quivering large rocks (heavily wounded, chance to affect: 47%)
The cyclops's mind is blasted!
The cyclops throws a large rock.
The large rock hits you!!
Aiming: Mindburst
Press: ? - help, Shift-Dir - straight line, f/p - cyclops
Aim: a cyclops, quivering large rocks (almost dead, chance to affect: 47%)
The cyclops resists with some effort.
Aiming: Mindburst
Press: ? - help, Shift-Dir - straight line, f/p - cyclops
Aim: a cyclops, quivering large rocks (almost dead, chance to affect: 47%)
The cyclops resists with some effort.
Aiming: Mindburst
Press: ? - help, Shift-Dir - straight line, f/p - cyclops
Aim: a cyclops, quivering large rocks (almost dead, chance to affect: 47%)
The cyclops resists with some effort.
The cyclops throws a large rock.
The large rock hits you!
Aiming: Mindburst
Press: ? - help, Shift-Dir - straight line, f/p - cyclops
Aim: a cyclops, quivering large rocks (almost dead, chance to affect: 47%)
The cyclops resists with some effort.
The cyclops throws a large rock.
The large rock hits you.
* * * LOW HITPOINT WARNING * * *
Aiming: Mindburst
Press: ? - help, Shift-Dir - straight line, f/p - cyclops
Aim: a cyclops, quivering large rocks (almost dead, chance to affect: 47%)
The cyclops resists with some effort.
The cyclops throws a large rock.
The large rock hits you!!
Ouch! That really hurt!
You die...

###########
#.........#
#.........#
#.........#
#.....[...#
#.........#
#.........#
#.........#
####..@...# #......#
#..C...# #......#
#......# #......#
##########..[...#####
#.......#..#'####...#
#..................#


You could see a cyclops.

Vanquished Creatures
  Erolcha (D:9)
  A tengu warrior (D:9)
  An unseen horror (D:10)
  3 hornets
  Prince Ribbit (D:5)
  10 yaks
  A wraith (D:9)
  A wyvern (D:9)
  2 steam dragons
  Edmund (D:5)
  2 water moccasins
  Duvessa (D:6)
  4 ice beasts
  2 orc warriors
  A sky beast (D:7)
  2 ogres
  3 centaurs
  3 bullfrogs
  3 kobold brigands
  2 scorpions
  A necrophage (D:5)
  3 wights (D:6)
  Dowan (D:6)
  3 killer bees (D:9)
  7 howler monkeys
  7 hounds
  2 orc priests (D:9)
  A jelly (D:4)
  A gnoll bouda (D:9)
  5 iguanas
  8 orc wizards
  Robin (D:2)
  7 gnolls
  14 adders
  An ufetubus (D:4)
  5 worms
  3 dart slugs
  24 orcs
  14 endoplasms
  5 giant cockroaches
  17 goblins
  9 hobgoblins
  3 jackals (D:4)
  3 quokkas
  7 ball pythons
  6 bats
  5 frilled lizards
  24 kobolds
  6 rats
  3 toadstools (D:1)
241 creatures vanquished.

Vanquished Creatures (others)
  2 fungi (D:4)
  8 plants (D:7)
  10 toadstools
20 creatures vanquished.

Grand Total: 261 creatures vanquished

Notes
Turn   | Place    | Note
-------+----------+-------------------------------------------
     0 | D:1      | BarneyGumball the Vine Stalker Fighter began the quest for
                  | the Orb.
     0 | D:1      | Reached XP level 1. HP: 11/11 MP: 2/2
    59 | D:1      | Found a faded altar of an unknown god.
   250 | D:1      | Reached XP level 2. HP: 16/16 MP: 3/3
  1123 | D:2      | Reached XP level 3. HP: 19/19 MP: 4/4
  1235 | D:2      | Noticed Robin
  1254 | D:2      | Killed Robin
  1255 | D:2      | Gained mutation: Your natural rate of healing is unusually
                  | fast. [Vine Stalker growth]
  1255 | D:2      | Reached XP level 4. HP: 6/23 MP: 3/5
  2248 | D:3      | Reached XP level 5. HP: 27/28 MP: 4/6
  2360 | D:3      | Found a sparkling altar of Nemelex Xobeh.
  2671 | D:4      | Identified the +3 chain mail of Shielding {-Cast Str+5
                  | Dex+2}
  2953 | D:4      | Reached XP level 6. HP: 32/32 MP: 5/7
  3217 | D:5      | Entered Level 5 of the Dungeon
  3226 | D:5      | Reached skill level 5 in Axes
  3262 | D:5      | Reached XP level 7. HP: 35/35 MP: 6/8
  3337 | D:5      | Noticed Prince Ribbit
  3354 | D:5      | Killed Prince Ribbit
  3370 | D:5      | Reached skill level 5 in Shields
  3402 | D:5      | Found a runed translucent door.
  3403 | D:5      | Noticed Crazy Yiuf
  3467 | D:5      | Noticed Edmund
  3481 | D:5      | Killed Edmund
  3482 | D:5      | Gained mutation: You have razor-sharp teeth. [Vine Stalker
                  | growth]
  3482 | D:5      | Reached XP level 8. HP: 39/39 MP: 9/9
  3511 | D:5      | Reached skill level 1 in Maces & Flails
  3554 | D:5      | Reached skill level 2 in Maces & Flails
  3672 | D:5      | Reached skill level 3 in Maces & Flails
  3672 | D:5      | Noticed a yak
  3982 | D:6      | Noticed Duvessa
  3982 | D:6      | Noticed Dowan
  4038 | D:6      | Noticed Rulkes's ghost (novice DrFE)
  4038 | D:6      | Found a transporter.
  4038 | D:6      | Found a transporter.
  4039 | D:6      | Noticed a white ugly thing
  4079 | D:6      | Reached XP level 9. HP: 37/45 MP: 6/10
  4157 | D:6      | Reached skill level 4 in Maces & Flails
  4348 | D:6      | Killed Duvessa
  4373 | D:6      | Killed Dowan
  4554 | D:6      | Reached skill level 5 in Maces & Flails
  4833 | D:7      | Found a hide-covered altar of Uskayaw.
  4902 | D:7      | Found a staircase to the Ecumenical Temple.
  4911 | Temple   | Entered the Ecumenical Temple
  4936 | Temple   | Became a worshipper of Warmaster Okawaru
  5037 | D:7      | Found a snail-covered altar of Cheibriados.
  5200 | D:7      | Reached skill level 5 in Fighting
  6083 | D:8      | Found a glowing golden altar of the Shining One.
  6102 | D:8      | Reached skill level 6 in Maces & Flails
  6169 | D:8      | Found a sacrificial altar of Ru.
  6289 | D:8      | Reached * piety under Okawaru
  6300 | D:8      | Reached skill level 5 in Armour
  6300 | D:8      | Reached XP level 10. HP: 51/51 MP: 11/11
  6303 | D:8      | Reached skill level 7 in Maces & Flails
  6387 | D:8      | Reached ** piety under Okawaru
  6588 | D:9      | Found a staircase to the Orcish Mines.
  6602 | D:9      | Reached skill level 8 in Maces & Flails
  6859 | D:9      | Noticed Erolcha
  7025 | D:9      | Noticed a tengu warrior
  7054 | D:9      | Killed a tengu warrior
  7055 | D:9      | Reached skill level 9 in Maces & Flails
  7079 | D:9      | Reached *** piety under Okawaru
  7152 | D:9      | Reached XP level 11. HP: 56/56 MP: 12/12
  7161 | D:9      | Killed Erolcha
  7162 | D:9      | Reached skill level 10 in Maces & Flails
  7512 | D:10     | Entered Level 10 of the Dungeon
  7573 | D:10     | Noticed a cyclops
  7767 | D:10     | Noticed a moth of wrath
  7770 | D:10     | Found a bloodstained altar of Trog.
  7873 | D:10     | Identified the ring "Gesamilo" {rElec rN+++ EV+4 Int-2
                  | Dex+2}
  7966 | D:10     | Hit by a large rock thrown by a cyclops

Illustrated notes

Levels and vault maps discovered:
D:1:      ldierk_water_garden, layout_loops_corners,
          shapermc_ecumenical_altar_gd, nicolae_eternal_life
D:2:      minmay_angry_zag, layout_loops_corners, uniq_robin
D:3:      layout_rooms, nicolae_overflow_hidden_temple, minivault_23
D:4:      cheibrodos_fertilizer, layout_basic
D:5:      layout_cave_pools, chequers_hall_statues_corner_a, st_stairs_10,
          grunt_decor_resistance, nzn_random_ring, uniq_crazy_yiuf_cottage,
          uniq_edmund, uniq_prince_ribbit1
D:6:      layout_gridville, gammafunk_ghost_arena, kennysheep_generic_room_14,
          uniq_duvessa
D:7:      layout_loops_ring, mainiacjoe_overflow_alcove_2,
          mainiacjoe_overflow_small_starburst, temple_fountains,
          serial_bayou_lagoon_b
D:8:      nicolae_cairo_tiling_large, layout_rooms,
          mainiacjoe_overflow_brackets, amcnicky_altar_gilded,
          hangedman_decor_points
D:9:      layout_roguey, minmay_orc_entry_temple_small,
          hangedman_corner_corridor, uniq_erolcha
D:10:     layout_gridville, tgw_trog, nicolae_rejected_hall
Temple:   regret_index_temple_sphere_string

Skill      XL: |  1  2  3  4  5  6  7  8  9 10 11 |
---------------+----------------------------------+-----
Axes           | 2 3 4 5 6 7 |  7.0
Shields        | 3 4 5 |  5.3
Fighting       | 4 5 |  5.2
Maces & Flails | 3 6 9 10 | 10.2
Armour         | 3 5 6 7 |  7.1

Action                   |  1- 3 |  4- 6 |  7- 9 | 10-12 || total
-------------------------+-------+-------+-------+-------++-------
Melee: War axe           |    95 |   171 |    42 |       ||   308
       Bite              |    22 |    32 |    67 |    39 ||   160
       Flail             |       |       |   188 |   148 ||   336
       Broad axe         |       |       |       |    18 ||    18
Evoke: Wand              |       |       |    12 |    12 ||    24
  Use: Potion            |     2 |     1 |       |     3 ||     6
       Scroll            |       |       |     6 |     3 ||     9
Armor: Scale mail        |    47 |    45 |       |       ||    92
       Chain mail        |       |    37 |   117 |    85 ||   239
       Skin              |       |       |       |    54 ||    54
Dodge: Dodged            |    48 |    61 |    69 |    54 ||   232
Block: Buckler           |    28 |    42 |    39 |    49 ||   158

Table legend: (Time is in decaauts)
 A = Elapsed time spent in this place.
 B = Non-inter-level travel time spent in this place.
 C = Inter-level travel time spent in this place.
 D = Time resting spent in this place.
 E = Time spent auto-exploring this place.
 F = Levels seen in this place.
 G = Mean time per level.
                   A        B        C        D        E       F      G
               +--------+--------+--------+--------+--------+-----+--------+
         Total |   8080 |   7520 |    560 |     84 |   5065 |  11 |  734.5 |
       Dungeon |   8029 |   7493 |    536 |     84 |   5052 |  10 |  802.9 |
        Temple |     50 |     26 |     24 |      0 |     13 |   1 |   50.0 |
               +--------+--------+--------+--------+--------+-----+--------+

Top non-repeatable levels by time:
     D:7: 1210 daAuts
     D:1: 1065 daAuts
     D:9: 970 daAuts
     D:2: 957 daAuts
     D:4: 816 daAuts
     D:5: 783 daAuts
     D:6: 716 daAuts
     D:8: 638 daAuts
     D:3: 498 daAuts
    D:10: 373 daAuts
  Temple: 50 daAuts
